[Event "Charlotte Fall IM-D 2023"]
[Site "Charlotte"]
[Date "2023.11.19"]
[Round "5.5"]
[White "Ansh M Shah"]
[Black "Girsh, Daniel"]
[Result "1-0"]
[ECO "A45"]
[WhiteElo "2169"]
[BlackElo "2221"]
[Annotator "RC"]
[PlyCount "89"]
[EventDate "2023.11.17"]
[EventType "tourn"]
[EventCountry "USA"]
[SourceTitle "playchess.com"]
[Source "ChessBase"]
[SourceQuality "1"]
[TimeControl "5400+30"]

1. d4 Nf6 2. Nc3 e6 3. Bf4 Bb4 4. Qd3 d5 5. a3 Ba5 6. b4 Bb6 7. Nf3 a5 8. b5 O-O 9. g4 Nbd7 10. g5 Nh5 11. Bd2 c5 12. e3 cxd4 13. exd4 Bc7 14. Be2 Nf4 15. Bxf4 Bxf4 16. Rg1 Nb6 17. Rg4 Qc7 18. Rh4 g6 19. Kf1 Bd7 20. Ne5 Bxe5 21. dxe5 Qxe5 22. f4 Qg7 23. Re1 f6 24. Kg1 fxg5 25. fxg5 Rf5 26. Qe3 Qe5 27. Qxb6 Rxg5+ 28. Kh1 Qxc3 29. Rf1 Qd2 30. Qxb7 Rf8 31. Qxd7 Rxf1+ 32. Bxf1 Rf5 33. Qxh7+ Kf8 34. Qh8+ Ke7 35. Rh7+ Rf7 36. Rxf7+ Kxf7 37. Qh7+ Kf6 38. Qh4+ g5 39. Qh6+ Ke5 40. Qg7+ Kf4 41. Qf6+ Kg4 42. Qxe6+ Kf4 43. Qd6+ Kg4 44. Qg3+ Kh5 45. Qh3+ 1-0

[Event "Charlotte Fall IM-D 2023"]
[Site "Charlotte"]
[Date "2023.11.20"]
[Round "6.1"]
[White "Marek, Matyas"]
[Black "Girsh, Daniel"]
[Result "1/2-1/2"]
[ECO "B50"]
[WhiteElo "2343"]
[BlackElo "2221"]
[Annotator "RC"]
[PlyCount "28"]
[EventDate "2023.11.17"]
[EventType "tourn"]
[EventCountry "USA"]
[SourceTitle "playchess.com"]
[Source "ChessBase"]
[SourceQuality "1"]
[TimeControl "5400+30"]

1. e4 c5 2. Nf3 d6 3. c3 Nf6 4. h3 Nbd7 5. Bd3 Qc7 6. Qe2 g6 7. O-O Bg7 8. Bc2 O-O 9. d4 e5 10. dxe5 dxe5 11. Nbd2 Nh5 12. Nc4 Nb6 13. Bb3 h6 14. Be3 Nxc4 1/2-1/2

[Event "Charlotte Fall IM-D 2023"]
[Site "Charlotte"]
[Date "2023.11.20"]
[Round "6.2"]
[White "Dukic, Zachary"]
[Black "Ansh M Shah"]
[Result "1/2-1/2"]
[ECO "B12"]
[WhiteElo "2233"]
[BlackElo "2169"]
[Annotator "RC"]
[PlyCount "64"]
[EventDate "2023.11.17"]
[EventType "tourn"]
[EventCountry "USA"]
[SourceTitle "playchess.com"]
[Source "ChessBase"]
[SourceQuality "1"]
[TimeControl "5400+30"]

1. e4 c6 2. d4 d5 3. e5 Bf5 4. h4 h5 5. c4 e6 6. Nc3 dxc4 7. Bxc4 Nd7 8. Nge2 Be7 9. Ng3 Bg6 10. Be2 Nh6 11. Bxh5 Bxh5 12. Qxh5 Qb6 13. Nce2 Qb4+ 14. Kf1 O-O-O 15. Bxh6 Rdf8 16. Qg4 gxh6 17. Ne4 Qxb2 18. Re1 Qxa2 19. Rh3 Rhg8 20. Qf4 f6 21. Qxh6 fxe5 22. dxe5 Nxe5 23. Nf4 Qc4+ 24. Kg1 Bb4 25. Rg3 Kb8 26. Nxe6 Re8 27. Rxg8 Rxg8 28. Qf6 Qd5 29. Nf4 Qd4 30. Ne6 Qd5 31. Nf4 Qd4 32. Ne6 Qd5 1/2-1/2

[Event "Charlotte Fall IM-D 2023"]
[Site "Charlotte"]
[Date "2023.11.20"]
[Round "6.3"]
[White "Karthik, Advaith"]
[Black "Leiva, Gianmarco"]
[Result "0-1"]
[ECO "E53"]
[WhiteElo "2156"]
[BlackElo "2403"]
[Annotator "RC"]
[PlyCount "80"]
[EventDate "2023.11.17"]
[EventType "tourn"]
[EventCountry "USA"]
[SourceTitle "playchess.com"]
[Source "ChessBase"]
[SourceQuality "1"]
[TimeControl "5400+30"]

1. d4 Nf6 2. c4 e6 3. Nc3 Bb4 4. e3 O-O 5. Nf3 c5 6. Bd3 d5 7. cxd5 cxd4 8. exd4 Nxd5 9. O-O Nc6 10. Bc2 Be7 11. a3 Nxc3 12. bxc3 Bf6 13. Qe2 g6 14. Qe4 Bd7 15. h4 Re8 16. Bg5 Bxg5 17. Nxg5 Qf6 18. Qg4 Qg7 19. Qg3 Ne7 20. Rfe1 Nf5 21. Bxf5 gxf5 22. c4 f6 23. Nf3 Qxg3 24. fxg3 Rac8 25. Rac1 Rc7 26. Kf2 Kf7 27. Re3 Bc6 28. Rec3 Rec8 29. Ke3 Bd5 30. c5 Rg8 31. Kf2 Ke8 32. Ne1 Rg4 33. Rd1 Rcg7 34. Re3 Kd7 35. Rd2 Kc7 36. Rd1 f4 37. gxf4 Rxf4+ 38. Nf3 Rfg4 39. Kf1 Rxg2 40. Rde1 Bc4+ 0-1

[Event "Charlotte Fall IM-D 2023"]
[Site "Charlotte"]
[Date "2023.11.20"]
[Round "6.4"]
[White "Matta, Nicholas"]
[Black "Andrianov, Nikolay"]
[Result "1/2-1/2"]
[ECO "E20"]
[WhiteElo "2287"]
[BlackElo "1816"]
[Annotator "RC"]
[PlyCount "64"]
[EventDate "2023.11.17"]
[EventType "tourn"]
[EventCountry "USA"]
[SourceTitle "playchess.com"]
[Source "ChessBase"]
[SourceQuality "1"]
[TimeControl "5400+30"]

1. d4 Nf6 2. c4 e6 3. Nc3 Bb4 4. g3 c5 5. Nf3 cxd4 6. Nxd4 O-O 7. Bg2 d5 8. cxd5 Nxd5 9. Bd2 Bxc3 10. bxc3 e5 11. Nb3 Nc6 12. O-O Nde7 13. Qc1 Qc7 14. f4 Be6 15. Nc5 Bc4 16. f5 f6 17. Rf2 Rad8 18. g4 Na5 19. Be3 b6 20. Ne4 Nd5 21. g5 Nxe3 22. Qxe3 Bd5 23. Kh1 Nc4 24. Qg3 Bxe4 25. Bxe4 Kh8 26. Rg1 Nd6 27. Bd5 Nxf5 28. Rxf5 Rxd5 29. gxf6 gxf6 30. Rxf6 Rdd8 31. Rxf8+ Rxf8 32. e4 Qe7 1/2-1/2

[Event "Charlotte Fall IM-D 2023"]
[Site "Charlotte"]
[Date "2023.11.20"]
[Round "6.5"]
[White "Eckert, Doug"]
[Black "Wan, Joseph"]
[Result "0-1"]
[ECO "A22"]
[WhiteElo "2120"]
[BlackElo "2242"]
[Annotator "RC"]
[PlyCount "72"]
[EventDate "2023.11.17"]
[EventType "tourn"]
[EventCountry "USA"]
[SourceTitle "playchess.com"]
[Source "ChessBase"]
[SourceQuality "1"]
[TimeControl "5400+30"]

1. c4 e5 2. Nc3 Nf6 3. Nf3 e4 4. Ng5 c6 5. Qa4 b5 6. cxb5 d5 7. bxc6 Qb6 8. c7+ Nc6 9. e3 Qxc7 10. Nb5 Qb6 11. Nd4 Bd7 12. Bb5 Nxd4 13. Bxd7+ Nxd7 14. Qxd4 Qxd4 15. exd4 Rc8 16. b3 h6 17. Nh3 g5 18. Ng1 Bg7 19. Ne2 Nc5 20. O-O Nd3 21. f3 Nf4 22. Nxf4 Bxd4+ 23. Kh1 Bxa1 24. Nxd5 exf3 25. Ba3 Bd4 26. gxf3 Kd7 27. f4 g4 28. Ne3 Bxe3 29. dxe3 Rc2 30. Rd1+ Kc8 31. Bd6 f5 32. a4 Rd8 33. Rd4 a5 34. b4 axb4 35. Bxb4 Rxd4 36. exd4 Rc4 0-1

[Event "Charlotte Fall IM-D 2023"]
[Site "Charlotte"]
[Date "2023.11.20"]
[Round "7.3"]
[White "Leiva, Gianmarco"]
[Black "Matta, Nicholas"]
[Result "1-0"]
[ECO "C42"]
[WhiteElo "2403"]
[BlackElo "2287"]
[Annotator "RC"]
[PlyCount "97"]
[EventDate "2023.11.17"]
[EventType "tourn"]
[EventCountry "USA"]
[SourceTitle "playchess.com"]
[Source "ChessBase"]
[SourceQuality "1"]
[TimeControl "5400+30"]

1. e4 e5 2. Nf3 Nf6 3. Nxe5 d6 4. Nf3 Nxe4 5. c4 d5 6. Nc3 Bc5 7. d4 Bb4 8. Qb3 c5 9. Be3 Qa5 10. Rc1 b5 11. cxd5 c4 12. Qc2 Bf5 13. Nh4 Nxc3 14. Nxf5 Nxa2+ 15. Kd1 Nxc1 16. Qe4+ Kd7 17. d6 Nc6 18. d5 Rac8 19. dxc6+ Rxc6 20. Qe7+ Kc8 21. d7+ Kb8 22. Bf4+ Ka8 23. Qe4 Kb7 24. Nd4 Qb6 25. Kxc1 Rd8 26. g4 Rxd7 27. Nxc6 Qxc6 28. Bg2 Qxe4 29. Bxe4+ Ka6 30. Kc2 Bc5 31. f3 b4 32. Rd1 b3+ 33. Kc1 Rxd1+ 34. Kxd1 Bd4 35. Kc1 Kb5 36. Bxh7 a5 37. Bg8 f6 38. h4 a4 39. Bd6 c3 40. bxc3 Bxc3 41. Bf8 f5 42. h5 fxg4 43. fxg4 Bf6 44. Kb1 Kc6 45. g5 Be5 46. h6 gxh6 47. gxh6 Bf4 48. h7 Be5 49. Ba3 1-0

[Event "Charlotte Fall IM-D 2023"]
[Site "Charlotte"]
[Date "2023.11.20"]
[Round "7.4"]
[White "Ansh M Shah"]
[Black "Karthik, Advaith"]
[Result "1/2-1/2"]
[ECO "E05"]
[WhiteElo "2169"]
[BlackElo "2156"]
[Annotator "RC"]
[PlyCount "177"]
[EventDate "2023.11.17"]
[EventType "tourn"]
[EventCountry "USA"]
[SourceTitle "playchess.com"]
[Source "ChessBase"]
[SourceQuality "1"]
[TimeControl "5400+30"]

1. d4 Nf6 2. c4 e6 3. g3 d5 4. Bg2 Be7 5. Nf3 O-O 6. O-O dxc4 7. Qc2 a6 8. a4 Bd7 9. Qxc4 Bc6 10. Bf4 Bd6 11. Nc3 a5 12. Ne5 Bxg2 13. Kxg2 c6 14. Rfd1 Nd5 15. Ne4 Na6 16. Bd2 Bc7 17. Qc2 Ndb4 18. Qb1 Qd5 19. Nf3 h6 20. Bxh6 Qc4 21. b3 Qc2 22. Qxc2 Nxc2 23. Rac1 Nxd4 24. Bxg7 Nxe2 25. Bxf8 Nxc1 26. Ba3 Nxb3 27. Rb1 f5 28. Nf6+ Kf7 29. Rxb3 Kxf6 30. Rxb7 e5 31. h4 c5 32. Bxc5 Nxc5 33. Rxc7 Nxa4 34. Rc6+ Ke7 35. Nxe5 Nb2 36. Rc2 Ke6 37. f4 Nd1 38. Kf3 a4 39. Nc4 Rc8 40. Ke2 Nb2 41. Rxb2 Rxc4 42. Kd3 Re4 43. Rb6+ Kf7 44. Rb5 Kf6 45. h5 Re1 46. Ra5 Rg1 47. Rxa4 Rxg3+ 48. Kd4 Rh3 49. Ra6+ Kg7 50. Rg6+ Kf7 51. Rg5 Kf6 52. Rg6+ Kf7 53. Rh6 Kg7 54. Rb6 Rxh5 55. Ke5 Kf7 56. Rb7+ Kg6 57. Ra7 Rh1 58. Ra6+ Kf7 59. Rf6+ Ke7 60. Rg6 Ra1 61. Rg7+ Kf8 62. Rb7 Ra5+ 63. Kf6 Ra6+ 64. Kg5 Ra5 65. Rh7 Kg8 66. Re7 Kf8 67. Rd7 Ke8 68. Rb7 Kf8 69. Kg6 Ra6+ 70. Kxf5 Ra5+ 71. Kf6 Ra6+ 72. Kg5 Ra5+ 73. f5 Ra6 74. Rc7 Rb6 75. Rh7 Kg8 76. Rh2 Kf7 77. Ra2 Kg7 78. Ra8 Kf7 79. Rc8 Ra6 80. Rc5 Kg7 81. Rc7+ Kf8 82. f6 Ra1 83. Rc4 Rg1+ 84. Rg4 Rxg4+ 85. Kxg4 Kf7 86. Kf5 Kf8 87. Ke6 Ke8 88. f7+ Kf8 89. Kf6 1/2-1/2

[Event "Charlotte Fall IM-D 2023"]
[Site "Charlotte"]
[Date "2023.11.20"]
[Round "7.5"]
[White "Girsh, Daniel"]
[Black "Dukic, Zachary"]
[Result "0-1"]
[ECO "E97"]
[WhiteElo "2221"]
[BlackElo "2233"]
[Annotator "RC"]
[PlyCount "71"]
[EventDate "2023.11.17"]
[EventType "tourn"]
[EventCountry "USA"]
[SourceTitle "playchess.com"]
[Source "ChessBase"]
[SourceQuality "1"]
[TimeControl "5400+30"]

1. d4 Nf6 2. c4 g6 3. Nc3 Bg7 4. e4 d6 5. Be2 O-O 6. Nf3 e5 7. O-O Nc6 8. dxe5 dxe5 9. Bg5 Bg4 10. Qxd8 Nxd8 11. Bxf6 Bxf3 12. Bxf3 Bxf6 13. Nd5 Bg5 14. Nxc7 Rc8 15. Nb5 a6 16. Nd6 Rc6 17. Rfd1 b6 18. Bg4 Be7 19. Nc8 Bc5 20. b4 Bxb4 21. Bd7 Rf6 22. Kf1 Bc5 23. f3 Nc6 24. Rd5 Nb4 25. Rd2 Rd8 26. Rad1 Bd4 27. Bh3 Nc6 28. Rb1 Kf8 29. Ke2 Na5 30. Rc2 Rc6 31. c5 Bxc5 32. Kf1 b5 33. a4 Nc4 34. axb5 axb5 35. Ke2 Na3 36. Na7 0-1

[Event "Charlotte Fall IM-D 2023"]
[Site "Charlotte"]
[Date "2023.11.21"]
[Round "8.1"]
[White "Marek, Matyas"]
[Black "Dukic, Zachary"]
[Result "1-0"]
[ECO "B31"]
[WhiteElo "2343"]
[BlackElo "2233"]
[Annotator "RC"]
[PlyCount "65"]
[EventDate "2023.11.17"]
[EventType "tourn"]
[EventCountry "USA"]
[SourceTitle "playchess.com"]
[Source "ChessBase"]
[SourceQuality "1"]
[TimeControl "5400+30"]

1. e4 c5 2. Nf3 Nc6 3. Bb5 g6 4. O-O Bg7 5. Re1 e5 6. Bxc6 dxc6 7. a4 Qe7 8. Na3 Nh6 9. Nc4 b6 10. d3 f6 11. h3 O-O 12. Be3 Nf7 13. Nfd2 Nd8 14. f4 Ne6 15. f5 gxf5 16. exf5 Nc7 17. Qf3 Nd5 18. Bf2 Qd7 19. g4 h5 20. Ne4 Bh6 21. Bh4 Qh7 22. Kg2 Bf4 23. Rh1 Ba6 24. Rae1 Rad8 25. Kf2 Rd7 26. Ncd6 Qe7 27. g5 Rxd6 28. gxf6 Nxf6 29. Rhg1+ Kh7 30. Qxf4 exf4 31. Ng5+ Kh6 32. Rxe7 Rd7 33. Re6 1-0

[Event "Charlotte Fall IM-D 2023"]
[Site "Charlotte"]
[Date "2023.11.21"]
[Round "8.2"]
[White "Karthik, Advaith"]
[Black "Girsh, Daniel"]
[Result "0-1"]
[ECO "D38"]
[WhiteElo "2156"]
[BlackElo "2221"]
[Annotator "RC"]
[PlyCount "120"]
[EventDate "2023.11.17"]
[EventType "tourn"]
[EventCountry "USA"]
[SourceTitle "playchess.com"]
[Source "ChessBase"]
[SourceQuality "1"]
[TimeControl "5400+30"]

1. Nf3 Nf6 2. d4 d5 3. c4 e6 4. Bg5 h6 5. Bxf6 Qxf6 6. e3 Bb4+ 7. Nc3 O-O 8. Qb3 Nc6 9. Be2 dxc4 10. Qxc4 Bd6 11. O-O e5 12. d5 Nb8 13. Rac1 Bf5 14. Ne4 Bxe4 15. Qxe4 Nd7 16. Kh1 a6 17. Qh4 e4 18. Qxe4 Qxb2 19. Rc2 Qf6 20. Rd1 Rfe8 21. Qh4 Qxh4 22. Nxh4 g6 23. g3 b5 24. Nf3 Nb6 25. Nd4 Na4 26. h4 h5 27. Rg1 Kg7 28. g4 hxg4 29. Rxg4 Kf6 30. Nxb5 axb5 31. Bxb5 Nb6 32. Bxe8 Rxe8 33. Rd2 Ra8 34. Kg2 Na4 35. Rc4 Nb6 36. Rcd4 Be5 37. R4d3 Ke7 38. f4 Bd6 39. Kf3 f5 40. Rd4 Ra3 41. Ke2 Nd7 42. R4d3 Ra8 43. Rc2 Nc5 44. Rd4 Rh8 45. a4 Rxh4 46. Kf3 Rh3+ 47. Ke2 Rh2+ 48. Kd1 Rh1+ 49. Ke2 Ra1 50. Rdc4 Nxa4 51. e4 fxe4 52. Rxe4+ Kf6 53. Kf3 Nb6 54. Re6+ Kf7 55. Rg2 Ra3+ 56. Ke4 Ra4+ 57. Kf3 Rxf4+ 58. Ke2 Rf6 59. Rg5 Nxd5 60. Rxf6+ Nxf6 0-1

[Event "Charlotte Fall IM-D 2023"]
[Site "Charlotte"]
[Date "2023.11.21"]
[Round "8.3"]
[White "Matta, Nicholas"]
[Black "Ansh M Shah"]
[Result "1/2-1/2"]
[ECO "E18"]
[WhiteElo "2287"]
[BlackElo "2169"]
[Annotator "RC"]
[PlyCount "196"]
[EventDate "2023.11.17"]
[EventType "tourn"]
[EventCountry "USA"]
[SourceTitle "playchess.com"]
[Source "ChessBase"]
[SourceQuality "1"]
[TimeControl "5400+30"]

1. d4 Nf6 2. Nf3 e6 3. g3 b6 4. Bg2 Bb7 5. O-O Be7 6. c4 O-O 7. Nc3 d5 8. cxd5 exd5 9. Bf4 Nbd7 10. Rc1 c5 11. Ne5 cxd4 12. Qxd4 Bc5 13. Qd3 Re8 14. Nxd7 Qxd7 15. Bg5 Re5 16. Bxf6 gxf6 17. Ne4 Qe7 18. Nxc5 bxc5 19. Qb5 Rc8 20. e3 Rc7 21. Qa5 Re6 22. Qa4 Ra6 23. Qg4+ Kh8 24. Rfd1 Qe5 25. a3 Rb6 26. Rc2 Rd6 27. Rdc1 c4 28. Rd1 Bc8 29. Qd4 Be6 30. e4 Rcd7 31. Qxe5 fxe5 32. exd5 Kg7 33. Rdd2 Bxd5 34. Bxd5 Rxd5 35. Rxd5 Rxd5 36. Rxc4 a5 37. Kg2 Rd2 38. b4 a4 39. b5 Rb2 40. Rxa4 Rxb5 41. Rb4 Rc5 42. a4 Rc3 43. a5 Ra3 44. Rb5 f6 45. Rb7+ Kg6 46. Ra7 Kh6 47. a6 Kg6 48. Ra8 Kg7 49. Kh3 Ra4 50. g4 Ra3+ 51. Kh4 Ra2 52. a7 h6 53. h3 Ra3 54. f3 Ra5 55. Kg3 Ra2 56. h4 Ra3 57. Kf2 Ra2+ 58. Ke3 Ra4 59. Kd3 Ra3+ 60. Ke4 Ra4+ 61. Kd5 Ra6 62. Kc5 Ra1 63. Kb6 Rb1+ 64. Kc7 Ra1 65. Kd6 Ra6+ 66. Ke7 Ra1 67. Ke6 Ra6+ 68. Kf5 Ra5 69. Ke6 Ra6+ 70. Kd5 Ra1 71. Kc5 Ra2 72. Kd6 Ra6+ 73. Kd7 Ra1 74. h5 Ra2 75. Ke8 Ra3 76. Ke7 Ra1 77. Ke6 Ra6+ 78. Kf5 Ra3 79. g5 fxg5 80. Kxe5 Ra1 81. Ke6 Re1+ 82. Kd6 Rd1+ 83. Kc6 Rc1+ 84. Kd5 Rd1+ 85. Ke4 Re1+ 86. Kf5 Ra1 87. Kg4 Rg1+ 88. Kh3 Ra1 89. Kg3 Rg1+ 90. Kf2 Ra1 91. Kg2 Ra2+ 92. Kg3 Ra1 93. Kg4 Rg1+ 94. Kf5 Ra1 95. Ke6 Re1+ 96. Kf5 Ra1 97. Ke6 Re1+ 98. Kf5 Ra1 1/2-1/2

[Event "Charlotte Fall IM-D 2023"]
[Site "Charlotte"]
[Date "2023.11.21"]
[Round "8.4"]
[White "Eckert, Doug"]
[Black "Leiva, Gianmarco"]
[Result "1/2-1/2"]
[ECO "A29"]
[WhiteElo "2120"]
[BlackElo "2403"]
[Annotator "RC"]
[PlyCount "98"]
[EventDate "2023.11.17"]
[EventType "tourn"]
[EventCountry "USA"]
[SourceTitle "playchess.com"]
[Source "ChessBase"]
[SourceQuality "1"]
[TimeControl "5400+30"]

1. c4 e5 2. Nc3 Nf6 3. Nf3 Nc6 4. g3 Bb4 5. Nd5 Bc5 6. Bg2 d6 7. O-O O-O 8. d3 h6 9. e3 Bb6 10. d4 Re8 11. Nxb6 axb6 12. dxe5 dxe5 13. Qxd8 Rxd8 14. b3 e4 15. Nd4 Nxd4 16. exd4 Rxd4 17. Bb2 Rd2 18. Bxf6 gxf6 19. Bxe4 Raxa2 20. Rxa2 Rxa2 21. Rd1 Kg7 22. Kg2 Rb2 23. Rd3 c6 24. Rc3 Be6 25. Kf3 Kf8 26. Bc2 Ke7 27. Ke3 Kd6 28. Kd4 Kc7 29. Ke3 Kd6 30. Kd4 Bh3 31. f3 Be6 32. h4 Bd7 33. g4 Be6 34. h5 Bd7 35. Ke3 f5 36. Kf4 fxg4 37. fxg4 f6 38. Bf5 Be8 39. Rd3+ Ke7 40. Re3+ Kf8 41. Rd3 Ke7 42. Re3+ Kf8 43. Rd3 Rf2+ 44. Ke3 Rh2 45. Rd8 Ke7 46. Rb8 Rh3+ 47. Kf4 Rxb3 48. Rxb7+ Kd6 49. c5+ Kxc5 1/2-1/2

[Event "Charlotte Fall IM-D 2023"]
[Site "Charlotte"]
[Date "2023.11.21"]
[Round "9.2"]
[White "Leiva, Gianmarco"]
[Black "Wan, Joseph"]
[Result "1-0"]
[ECO "D26"]
[WhiteElo "2403"]
[BlackElo "2242"]
[Annotator "RC"]
[PlyCount "109"]
[EventDate "2023.11.17"]
[EventType "tourn"]
[EventCountry "USA"]
[SourceTitle "playchess.com"]
[Source "ChessBase"]
[SourceQuality "1"]
[TimeControl "5400+30"]

1. d4 d5 2. c4 dxc4 3. e3 Nf6 4. Bxc4 e6 5. Nf3 a6 6. O-O b5 7. Be2 Bb7 8. a4 b4 9. b3 Nbd7 10. Bb2 Be7 11. Nbd2 O-O 12. Bc4 c5 13. Qe2 cxd4 14. Bxd4 Bc5 15. Bb2 Qe7 16. Rac1 e5 17. e4 Bb6 18. Bd3 Rfd8 19. Nc4 Bc7 20. Ne3 Nc5 21. Nf5 Qf8 22. Bc4 Bxe4 23. Ng5 Bxf5 24. Nxf7 Be6 25. Nxd8 Qxd8 26. Bxe5 Bxe5 27. Qxe5 Bxc4 28. Rxc4 Ncd7 29. Qe6+ Kh8 30. Rxb4 Nc5 31. Qe3 Qf8 32. Rc4 Ncd7 33. b4 Re8 34. Qd2 Ne5 35. Rcc1 Ne4 36. Qd4 Ng6 37. Rfe1 Nf6 38. Rxe8 Qxe8 39. b5 axb5 40. a5 Qa8 41. Ra1 Nd5 42. g3 b4 43. a6 Nc3 44. Qe3 h6 45. a7 Nd5 46. Qe4 Nge7 47. Qe5 Kh7 48. Qb8 Qc6 49. a8=Q Qc3 50. Qh8+ Kg6 51. Qhe8+ Kh7 52. Rd1 Qf3 53. Re1 Qf6 54. Qa1 Qd6 55. Qf7 1-0

[Event "Charlotte Fall IM-D 2023"]
[Site "Charlotte"]
[Date "2023.11.21"]
[Round "9.3"]
[White "Ansh M Shah"]
[Black "Eckert, Doug"]
[Result "1/2-1/2"]
[ECO "E05"]
[WhiteElo "2169"]
[BlackElo "2120"]
[Annotator "RC"]
[PlyCount "121"]
[EventDate "2023.11.17"]
[EventType "tourn"]
[EventCountry "USA"]
[SourceTitle "playchess.com"]
[Source "ChessBase"]
[SourceQuality "1"]
[TimeControl "5400+30"]

1. Nf3 d5 2. d4 Nf6 3. g3 e6 4. Bg2 Be7 5. O-O O-O 6. c4 dxc4 7. Qc2 b5 8. a4 b4 9. Nbd2 Bb7 10. Nxc4 c5 11. Rd1 Be4 12. Qd2 Nbd7 13. Qf4 Bc2 14. Re1 Nd5 15. Qd2 Be4 16. b3 cxd4 17. Nxd4 Bxg2 18. Kxg2 Nc5 19. Bb2 Bf6 20. Rad1 Ne4 21. Qd3 Ndc3 22. Bxc3 Nxc3 23. Rd2 Rc8 24. Nb5 Nxb5 25. Qxd8 Rfxd8 26. Rxd8+ Rxd8 27. axb5 Rd5 28. b6 axb6 29. Nxb6 Rd2 30. Na4 g6 31. Kf3 h5 32. Rc1 g5 33. Ke3 Rd5 34. Rc4 Rb5 35. h3 Be7 36. g4 hxg4 37. hxg4 f5 38. Kf3 Kf7 39. Nb2 Kf6 40. Nd3 Ra5 41. gxf5 Kxf5 42. Nxb4 Ra3 43. Nc6 Rxb3+ 44. e3 Bf6 45. Rc5+ Kg6 46. Na5 Rb6 47. Rc6 Rxc6 48. Nxc6 Kh5 49. Ke4 g4 50. Nb4 Bh4 51. Nd3 g3 52. Nf4+ Kg5 53. f3 Kf6 54. Ng2 Bg5 55. Ne1 Bh6 56. f4 e5 57. fxe5+ Ke6 58. Ng2 Bg5 59. Kf3 Bxe3 60. Nxe3 Kxe5 61. Kxg3 1/2-1/2

[Event "Charlotte Fall IM-D 2023"]
[Site "Charlotte"]
[Date "2023.11.21"]
[Round "9.4"]
[White "Girsh, Daniel"]
[Black "Matta, Nicholas"]
[Result "1/2-1/2"]
[ECO "B12"]
[WhiteElo "2221"]
[BlackElo "2287"]
[Annotator "RC"]
[PlyCount "76"]
[EventDate "2023.11.17"]
[EventType "tourn"]
[EventCountry "USA"]
[SourceTitle "playchess.com"]
[Source "ChessBase"]
[SourceQuality "1"]
[TimeControl "5400+30"]

1. e4 c6 2. d4 d5 3. e5 Bf5 4. h4 h5 5. Bd3 Bxd3 6. Qxd3 Qa5+ 7. Nd2 e6 8. Ne2 Ne7 9. Ng3 c5 10. b4 Qxb4 11. c3 Qa4 12. O-O Ng6 13. Rb1 Qa6 14. Qe3 Nxh4 15. c4 cxd4 16. Qxd4 Be7 17. cxd5 exd5 18. Re1 Nc6 19. Qxd5 Rd8 20. Qb3 Bb4 21. e6 O-O 22. Re4 Rd3 23. Qd1 Bxd2 24. Qxh5 Ng6 25. exf7+ Kxf7 26. Qf5+ Kg8 27. Qxg6 Bxc1 28. Qe6+ Rf7 29. Rxc1 Qa3 30. Rce1 Qd6 31. Qc4 Qd5 32. Re8+ Rf8 33. Qf4 Qf7 34. Rxf8+ Kxf8 35. Qg4 Rd4 36. Qg5 Rd5 37. Qh4 Kg8 38. Qc4 Rd8 1/2-1/2

[Event "Charlotte Fall IM-D 2023"]
[Site "Charlotte"]
[Date "2023.11.21"]
[Round "9.5"]
[White "Dukic, Zachary"]
[Black "Karthik, Advaith"]
[Result "1-0"]
[ECO "B33"]
[WhiteElo "2233"]
[BlackElo "2156"]
[Annotator "RC"]
[PlyCount "89"]
[EventDate "2023.11.17"]
[EventType "tourn"]
[EventCountry "USA"]
[SourceTitle "playchess.com"]
[Source "ChessBase"]
[SourceQuality "1"]
[TimeControl "5400+30"]

1. e4 c5 2. Nf3 Nc6 3. d4 cxd4 4. Nxd4 Nf6 5. Nc3 e5 6. Ndb5 d6 7. Nd5 Nxd5 8. exd5 Ne7 9. c4 Nf5 10. Bd3 Be7 11. O-O O-O 12. a4 a6 13. Nc3 Bg5 14. a5 Bxc1 15. Qxc1 Nd4 16. Qe3 g5 17. h4 f5 18. Qxg5+ Qxg5 19. hxg5 f4 20. f3 Kh8 21. Kf2 Bf5 22. Bxf5 Nxf5 23. Ne4 Ng3 24. Nxg3 fxg3+ 25. Ke3 Rf5 26. Ra4 Rc8 27. Rb4 Rxg5 28. Rh1 h5 29. Rh4 Rc7 30. Rb6 Rd7 31. b4 Kg7 32. Ke4 Rc7 33. c5 dxc5 34. d6 Rd7 35. bxc5 Kf6 36. Rb1 Ke6 37. Rbh1 Rh7 38. Rg4 hxg4 39. Rxh7 gxf3 40. Re7+ Kf6 41. Kxf3 e4+ 42. Rxe4 Rxc5 43. Rd4 Rc8 44. Kxg3 Ke5 45. Rd3 1-0